Stars vs Blues
(R1)
Created - November 1, 2024 at 19:39
Goals
|
| Stars |
1 |
1 |
2 |
4 |
| Blues |
0 |
1 |
0 |
1 |
|
Shots
|
| Stars |
15 |
10 |
6 |
31 |
| Blues |
7 |
14 |
3 |
24 |
|
1st period
1. Stars , Jake Guentzel 6 (Michael Grabner 5) at 11:37
Penalties :
Guillaume Latendresse (Dal) for Roughing (Minor) at 7:48, Brandon Montour (Stl) for High sticking (Minor) at 17:40, Paul Ladue (Dal) for Slashing (Double Minor) at 19:54
2nd period
2. Blues , Seth Jones 1 (Filip Forsberg 9, Nathan MacKinnon 6) at 0:04 (PP)
3. Stars , Paul Ladue 1 (Michael Grabner 6, Sidney Crosby 5) at 18:26 (PP)
Penalties :
Drew Shore (Stl) for Tripping (Minor) at 7:50, Brian Lee (Dal) for Holding (Minor) at 13:47, Seth Jones (Stl) for Hooking (Minor) at 16:35, Cody Ceci (Stl) for Tripping (Minor) at 18:41
3rd period
4. Stars , Alex Chiasson 1 (Evgeny Grachev 2, Guillaume Latendresse 1) at 0:34 (PP)
5. Stars , Evgeny Kuznetsov 2 (Cam Atkinson 1, Tobias Rieder 2) at 11:18
Penalties :
Seth Jones (Stl) for Elbowing (Minor) at 3:27, Marko Dano (Stl) for Slashing (Minor) at 11:56, Anton Cederholm (Dal) for Delaying the game (Minor) at 14:09, Guillaume Latendresse (Dal) for Delaying the game (Minor) at 14:52, Evgeny Kuznetsov (Dal) for Hooking (Minor) at 17:25
Goalie Stats
Matt Murray (Dal), 23 saves from 24 shots - (0.958), W, 2-2-2, 60:00 minutes
Carey Price (Stl), 27 saves from 31 shots - (0.871), L, 4-1-0, 60:00 minutes
Players Stats for Stars
Player Name G A P +/- PIM S H SB GA TA FO MP PP MP PK MP
------------------------------------------------------------------------------------
Adam Tambellini 0 0 0 0 0 0 0 0 0 0 0/1 7:35 0:00 0:54
Alex Chiasson 1 0 1 0 0 2 0 0 1 0 0/0 17:42 5:31 2:10
Anton Cederholm 0 0 0 1 2 1 1 2 1 0 0/0 20:32 5:04 3:31
Brian Lee 0 0 0 1 2 0 1 2 0 1 0/0 21:11 5:04 3:56
Cam Atkinson 0 1 1 1 0 1 0 0 0 0 0/0 8:31 0:00 0:00
Evgeny Grachev 0 1 1 0 0 3 0 0 0 0 6/12 18:31 5:31 3:09
Evgeny Kuznetsov 1 0 1 1 2 4 2 0 0 0 2/3 8:30 0:00 0:00
Guillaume Latendresse 0 1 1 0 4 2 0 0 0 0 0/0 17:22 5:31 2:01
Henrik Borgstrom 0 0 0 0 0 2 1 0 1 0 0/2 6:27 0:00 0:00
Jake Guentzel 1 0 1 1 0 6 3 1 0 2 1/1 24:24 6:09 5:46
Michael Grabner 0 2 2 1 0 4 3 0 1 0 0/1 18:38 6:09 0:00
Paul Ladue 1 0 1 1 4 2 1 0 1 0 0/0 26:54 6:32 5:10
Reece Willcox 0 0 0 0 0 0 0 0 0 1 0/0 10:51 0:04 0:12
Scott Kosmachuck 0 0 0 0 0 0 2 0 0 0 0/0 6:27 0:00 0:00
Sidney Crosby 0 1 1 1 0 2 1 3 0 0 21/42 24:56 6:09 6:18
Tobias Rieder 0 1 1 1 0 2 0 0 0 0 0/1 8:31 0:00 0:00
Tyler Wotherspoon 0 0 0 1 0 0 1 1 0 0 0/0 28:05 6:32 6:34
Wiley Sherman 0 0 0 0 0 0 0 0 0 0 0/0 12:43 0:04 2:14
Players Stats for Blues
Player Name G A P +/- PIM S H SB GA TA FO MP PP MP PK MP
------------------------------------------------------------------------------------
Adam Henrique 0 0 0 0 0 1 1 0 0 0 4/10 13:29 4:32 0:54
Brandon Montour 0 0 0 -1 2 1 2 0 0 0 0/0 17:28 0:00 6:34
Cody Ceci 0 0 0 0 2 3 1 2 0 0 0/0 22:02 0:00 6:05
David Perron 0 0 0 0 0 1 0 0 0 0 0/0 9:11 0:00 1:13
Devin Shore 0 0 0 0 0 0 3 0 0 0 3/8 11:22 0:00 3:03
Dominik Simon 0 0 0 0 0 0 1 0 0 0 0/0 8:06 0:00 0:09
Drew Shore 0 0 0 0 2 1 2 0 0 1 7/16 14:27 0:00 6:29
Ethan Bear 0 0 0 -1 0 0 0 0 0 0 0/0 17:51 5:58 0:25
Filip Forsberg 0 1 1 -2 0 1 1 0 1 0 2/4 20:43 6:16 1:14
Jordan Kyrou 0 0 0 0 0 2 1 1 0 0 0/0 7:57 0:00 0:00
Josh Morrissey 0 0 0 -1 0 0 0 2 0 2 0/0 19:42 4:50 3:17
Marko Dano 0 0 0 0 2 5 2 0 0 0 0/0 12:57 4:32 0:00
Nathan MacKinnon 0 1 1 -2 0 3 3 0 1 0 15/22 19:25 6:16 0:00
Nick Schmaltz 0 0 0 0 0 0 2 0 1 0 2/2 15:28 0:00 7:30
Nikolaj Ehlers 0 0 0 -2 0 1 1 0 0 0 0/0 17:32 4:32 0:00
Seth Jones 1 0 1 0 4 5 1 0 1 1 0/0 25:14 5:58 4:35
Teuvo Teravainen 0 0 0 0 0 0 2 0 0 1 0/1 17:39 6:16 2:48
Travis Sanheim 0 0 0 -1 0 0 0 0 0 0 0/0 17:41 4:50 2:24
3 Stars
1 - Jake Guentzel (Dal)
2 - Michael Grabner (Dal)
3 - Matt Murray (Dal)
Power Play
Stars - 2 on 6 Attempt(s) - 33.33%
Blues - 1 on 7 Attempt(s) - 14.29%
Penalty Kill
Stars - 6 on 7 Attempt(s) - 85.71%
- Score 0 goal in Penalty Kill
Blues - 4 on 6 Attempt(s) - 66.67%
- Score 0 goal in Penalty Kill
Team Stat
Stars - Hits : 16 - Faceoff Wins : 30 - Blocked Shots : 9 - Penalty Minutes : 14
Blues - Hits : 23 - Faceoff Wins : 33 - Blocked Shots : 5 - Penalty Minutes : 12
Official
Referees : Frederick L'Ecuyer and Reid Anderson
Linesman : Tyson Baker and Bryan Pancich
Game Notes
No Game Note
Finance
Level 1 -- Attendance: 6000 (100.00%) -- Ticket Income $600,000
Level 2 -- Attendance: 5000 (100.00%) -- Ticket Income $350,000
Level 3 -- Attendance: 1920 (96.00%) -- Ticket Income $76,800
Level 4 -- Attendance: 3696 (92.40%) -- Ticket Income $110,880
Luxury Box -- Attendance: 930 (93.00%) -- Ticket Income $186,000
Game was played at the Enterprise Center.
Total Attendance: 17546 (97.48%)
Total Ticket Income: $1,323,680
Other Income: $198,552
Total Income: $1,522,232
Stars
5 vs 5 Forward
Center Left Wing Right Wing Time % Phy DF OF
1 Sidney Crosby Jake Guentzel Michael Grabner 40 1 2 2
2 Evgeny Grachev Guillaume Latendresse Alex Chiasson 30 1 2 2
3 Evgeny Kuznetsov Tobias Rieder Cam Atkinson 20 1 2 2
4 Henrik Borgstrom Adam Tambellini Scott Kosmachuck 10 1 2 2
5 vs 5 Defense
Defense Defense Time % Phy DF OF
1 Paul Ladue Tyler Wotherspoon 40 1 2 2
2 Anton Cederholm Brian Lee 30 1 2 2
3 Wiley Sherman Reece Willcox 20 1 2 2
4 Paul Ladue Tyler Wotherspoon 10 1 2 2
PowerPlay Forward
Center Left Wing Right Wing Time % Phy DF OF
1 Sidney Crosby Jake Guentzel Michael Grabner 60 0 2 3
2 Evgeny Grachev Guillaume Latendresse Alex Chiasson 40 0 2 3
PowerPlay Defense
Defense Defense Time % Phy DF OF
1 Paul Ladue Tyler Wotherspoon 60 1 2 2
2 Anton Cederholm Brian Lee 40 1 2 2
Penalty Kill 4 Players Forward
Center Wing Time % Phy DF OF
1 Sidney Crosby Jake Guentzel 60 1 2 2
2 Evgeny Grachev Guillaume Latendresse 40 1 2 2
Penalty Kill 4 Players Defense
Defense Defense Time % Phy DF OF
1 Paul Ladue Tyler Wotherspoon 60 0 3 2
2 Anton Cederholm Brian Lee 40 0 3 2
Penalty Kill - 3 Players Forward
Forward Time % Phy DF OF
1 Sidney Crosby 60 1 2 2
2 Evgeny Grachev 40 1 2 2
Penalty Kill - 3 Players Defense
Defense Defense Time % Phy DF OF
1 Paul Ladue Tyler Wotherspoon 60 0 3 2
2 Anton Cederholm Brian Lee 40 0 3 2
4 vs 4 Forward
Center Wing Time % Phy DF OF
1 Sidney Crosby Jake Guentzel 60 0 2 3
2 Evgeny Grachev Guillaume Latendresse 40 0 2 3
4 vs 4 Defense
Defense Defense Time % Phy DF OF
1 Paul Ladue Tyler Wotherspoon 60 1 2 2
2 Anton Cederholm Brian Lee 40 1 2 2
Last Minutes Offensive
Center Left Wing Right Wing Defense Defense
Sidney Crosby Jake Guentzel Michael Grabner Paul Ladue Tyler Wotherspoon
Last Minutes Defensive
Center Left Wing Right Wing Defense Defense
Sidney Crosby Jake Guentzel Michael Grabner Paul Ladue Tyler Wotherspoon
Goaltenders
Starting : Matt Murray
Backup : Michael Houser
Extra Forwards
Normal : Alex Chiasson, Tobias Rieder, Evgeny Grachev - PP : Alex Chiasson, Tobias Rieder - PK : Alex Chiasson
Extra Defensemen
Normal : Brian Lee, Wiley Sherman, Reece Willcox - PP : Brian Lee - PK : Brian Lee, Wiley Sherman
Penalty Shots
Sidney Crosby, Jake Guentzel, Michael Grabner, Guillaume Latendresse, Alex Chiasson
Custom OT Lines Forwards
Sidney Crosby, Jake Guentzel, Michael Grabner, Guillaume Latendresse, Alex Chiasson, Tobias Rieder, Evgeny Grachev, Cam Atkinson, Scott Kosmachuck, Evgeny Kuznetsov
Custom OT Lines Defensemen
Paul Ladue, Tyler Wotherspoon, Anton Cederholm, Brian Lee, Wiley Sherman
Scratches
Andrej Sustr (Bruised Right Arm Injury), Ilya Mikheyev (Healthy), Ben Chiarot (Chest/Ribs Injury)
Blues
5 vs 5 Forward
Center Left Wing Right Wing Time % Phy DF OF
1 Nathan MacKinnon Filip Forsberg Nikolaj Ehlers 40 0 2 3
2 Devin Shore Marko Dano Teuvo Teravainen 30 0 2 3
3 Adam Henrique David Perron Nick Schmaltz 20 1 2 2
4 Drew Shore Dominik Simon Jordan Kyrou 10 0 3 2
5 vs 5 Defense
Defense Defense Time % Phy DF OF
1 Seth Jones Cody Ceci 40 1 2 2
2 Josh Morrissey Brandon Montour 30 1 2 2
3 Ethan Bear Travis Sanheim 20 1 2 2
4 Josh Morrissey Cody Ceci 10 1 2 2
PowerPlay Forward
Center Left Wing Right Wing Time % Phy DF OF
1 Nathan MacKinnon Filip Forsberg Teuvo Teravainen 60 0 2 3
2 Adam Henrique Marko Dano Nikolaj Ehlers 40 0 2 3
PowerPlay Defense
Defense Defense Time % Phy DF OF
1 Seth Jones Ethan Bear 60 0 2 3
2 Josh Morrissey Travis Sanheim 40 0 2 3
Penalty Kill 4 Players Forward
Center Wing Time % Phy DF OF
1 Drew Shore Nick Schmaltz 60 1 3 1
2 Devin Shore Teuvo Teravainen 40 1 3 1
Penalty Kill 4 Players Defense
Defense Defense Time % Phy DF OF
1 Brandon Montour Cody Ceci 60 1 2 2
2 Josh Morrissey Seth Jones 40 1 2 2
Penalty Kill - 3 Players Forward
Forward Time % Phy DF OF
1 Drew Shore 60 1 2 2
2 Devin Shore 40 1 2 2
Penalty Kill - 3 Players Defense
Defense Defense Time % Phy DF OF
1 Cody Ceci Brandon Montour 60 1 2 2
2 Seth Jones Josh Morrissey 40 1 2 2
4 vs 4 Forward
Center Wing Time % Phy DF OF
1 Nathan MacKinnon Filip Forsberg 60 1 2 2
2 Devin Shore Nikolaj Ehlers 40 1 2 2
4 vs 4 Defense
Defense Defense Time % Phy DF OF
1 Seth Jones Brandon Montour 60 1 2 2
2 Cody Ceci Josh Morrissey 40 1 2 2
Last Minutes Offensive
Center Left Wing Right Wing Defense Defense
Nathan MacKinnon Filip Forsberg Nikolaj Ehlers Seth Jones Travis Sanheim
Last Minutes Defensive
Center Left Wing Right Wing Defense Defense
Drew Shore Marko Dano Teuvo Teravainen Brandon Montour Cody Ceci
Goaltenders
Starting : Carey Price
Backup : Jake Oettinger
Extra Forwards
Normal : Jordan Kyrou, Nikolaj Ehlers, Drew Shore - PP : David Perron, Teuvo Teravainen - PK : Filip Forsberg
Extra Defensemen
Normal : Cody Ceci, Travis Sanheim, Seth Jones - PP : Cody Ceci - PK : Seth Jones, Travis Sanheim
Penalty Shots
Jordan Kyrou, David Perron, Marko Dano, Filip Forsberg, Teuvo Teravainen
Custom OT Lines Forwards
Filip Forsberg, Nathan MacKinnon, Teuvo Teravainen, Nikolaj Ehlers, David Perron, Devin Shore, Adam Henrique, Marko Dano, Drew Shore, Nick Schmaltz
Custom OT Lines Defensemen
Seth Jones, Josh Morrissey, Brandon Montour, Travis Sanheim, Cody Ceci
Scratches
Petter Granberg (Healthy), Luke Glendening (Healthy)
% Time on Ice - Stars
Lines # - Real PCT - Wanted PCT - Time Play
Normal Forward
1 - 34% - 40% - 12:43
2 - 26% - 30% - 9:51
3 - 23% - 20% - 8:31
4 - 17% - 10% - 6:27
Normal Defense
1 - 39% - 40% - 14:35
2 - 35% - 30% - 13:01
3 - 25% - 20% - 9:18
4 - 2% - 10% - 0:38
PP Forward
1 - 53% - 60% - 6:09
2 - 47% - 40% - 5:31
PP Defense
1 - 56% - 60% - 6:32
2 - 44% - 40% - 5:08
PK Forward
1 - 70% - 60% - 6:41
2 - 30% - 40% - 2:51
PK Defense
1 - 69% - 60% - 6:37
2 - 31% - 40% - 2:55
PK3 Forward
1 - 80% - 60% - 1:01
2 - 20% - 40% - 0:15
PK3 Defense
1 - 55% - 60% - 0:42
2 - 45% - 40% - 0:34
44 Forward
1 - 0% - 60%
2 - 0% - 40%
44 Defense
1 - 0% - 60%
2 - 0% - 40%
Last Minute Offensive - 0:00
Last Minute Defensive - 0:00
Total
Forward - 60:00
Defense - 60:00
|
% Time on Ice - Blues
Lines # - Real PCT - Wanted PCT - Time Play
Normal Forward
1 - 35% - 40% - 13:13
2 - 22% - 30% - 8:26
3 - 21% - 20% - 7:56
4 - 21% - 10% - 7:57
Normal Defense
1 - 40% - 40% - 14:52
2 - 30% - 30% - 11:15
3 - 26% - 20% - 9:56
4 - 4% - 10% - 1:29
PP Forward
1 - 58% - 60% - 6:16
2 - 42% - 40% - 4:32
PP Defense
1 - 55% - 60% - 5:58
2 - 45% - 40% - 4:50
PK Forward
1 - 76% - 60% - 8:52
2 - 24% - 40% - 2:48
PK Defense
1 - 72% - 60% - 8:23
2 - 28% - 40% - 3:17
PK3 Forward
1 - 0% - 60%
2 - 0% - 40%
PK3 Defense
1 - 0% - 60%
2 - 0% - 40%
44 Forward
1 - 0% - 60%
2 - 0% - 40%
44 Defense
1 - 0% - 60%
2 - 0% - 40%
Last Minute Offensive - 0:00
Last Minute Defensive - 0:00
Total
Forward - 60:00
Defense - 60:00
|
Play-by-Play
1st period
0:01 of 1st period - Nathan MacKinnon wins face-off versus Sidney Crosby in neutral zone.
0:04 of 1st period - Wrist shot by Nikolaj Ehlers.
0:04 of 1st period - Deflect By Filip Forsberg.
0:04 of 1st period - Shot Misses the Net.
0:04 of 1st period - Puck is out of play.
0:05 of 1st period - Nathan MacKinnon wins face-off versus Michael Grabner in Stars zone.
0:08 of 1st period - Slapshot by Filip Forsberg.
0:08 of 1st period - Shot Misses the Net.
0:20 of 1st period - Wrist shot by Jake Guentzel.
0:20 of 1st period - Stopped by Carey Price without a rebound.
0:21 of 1st period - Devin Shore wins face-off versus Evgeny Grachev in Blues zone.
0:34 of 1st period - Snap shot by Evgeny Grachev.
0:34 of 1st period - Shot Misses the Net.
0:49 of 1st period - Off-side.
0:50 of 1st period - Adam Henrique wins face-off versus Tobias Rieder in neutral zone.
1:00 of 1st period - Slapshot by Travis Sanheim.
1:00 of 1st period - Deflect By Nick Schmaltz.
1:00 of 1st period - Shot Misses the Net.
1:00 of 1st period - Puck is out of play.
1:01 of 1st period - Drew Shore wins face-off versus Henrik Borgstrom in Stars zone.
1:02 of 1st period - Snap shot by Jordan Kyrou.
1:02 of 1st period - Deflect By Dominik Simon.
1:02 of 1st period - Shot Misses the Net.
1:02 of 1st period - Puck is out of play.
1:03 of 1st period - Drew Shore wins face-off versus Henrik Borgstrom in Stars zone.
1:38 of 1st period - Snap shot by Filip Forsberg.
1:38 of 1st period - Deflect By Nikolaj Ehlers.
1:38 of 1st period - Shot Blocked by Tyler Wotherspoon.
1:38 of 1st period - Puck is out of play.
1:39 of 1st period - Evgeny Grachev wins face-off versus Devin Shore in Stars zone.
2:36 of 1st period - Slapshot by Seth Jones.
2:36 of 1st period - Shot Misses the Net.
2:38 of 1st period - Backhand shot by Cody Ceci.
2:38 of 1st period - Stopped by Matt Murray with a rebound.
2:40 of 1st period - Snap shot by David Perron.
2:40 of 1st period - Shot Misses the Net.
2:54 of 1st period - Dominik Simon is hit by Henrik Borgstrom and loses puck.
3:28 of 1st period - Wrist shot by Marko Dano.
3:28 of 1st period - Stopped by Matt Murray with a rebound.
3:59 of 1st period - Icing by Filip Forsberg.
4:00 of 1st period - Evgeny Kuznetsov wins face-off versus Adam Henrique in Blues zone.
4:15 of 1st period - Snap shot by Evgeny Kuznetsov.
4:15 of 1st period - Stopped by Carey Price without a rebound.
4:16 of 1st period - Nathan MacKinnon wins face-off versus Sidney Crosby in Blues zone.
4:27 of 1st period - Snap shot by Nikolaj Ehlers.
4:27 of 1st period - Shot Misses the Net.
4:29 of 1st period - Slapshot by Cody Ceci.
4:29 of 1st period - Shot Misses the Net.
4:31 of 1st period - Snap shot by Nikolaj Ehlers.
4:31 of 1st period - Shot Blocked by Sidney Crosby.
4:33 of 1st period - Wrist shot by Nathan MacKinnon.
4:33 of 1st period - Shot Misses the Net.
5:23 of 1st period - Slapshot by Evgeny Grachev.
5:23 of 1st period - Deflect By Brandon Montour.
5:23 of 1st period - Shot Blocked by Josh Morrissey.
5:23 of 1st period - Puck is out of play.
5:24 of 1st period - Sidney Crosby wins face-off versus Adam Henrique in Blues zone.
5:28 of 1st period - Snap shot by Michael Grabner.
5:28 of 1st period - Stopped by Carey Price without a rebound.
5:29 of 1st period - Adam Henrique wins face-off versus Sidney Crosby in Blues zone.
5:59 of 1st period - Wrist shot by Cam Atkinson.
5:59 of 1st period - Shot Misses the Net.
6:27 of 1st period - Snap shot by Devin Shore.
6:27 of 1st period - Shot Misses the Net.
6:29 of 1st period - Backhand shot by Devin Shore.
6:29 of 1st period - Shot Misses the Net.
6:41 of 1st period - Snap shot by Sidney Crosby.
6:41 of 1st period - Shot Blocked by Jordan Kyrou.
6:43 of 1st period - Slapshot by Jake Guentzel.
6:43 of 1st period - Stopped by Carey Price without a rebound.
6:44 of 1st period - Sidney Crosby wins face-off versus Nathan MacKinnon in Blues zone.
7:20 of 1st period - Wrist shot by Evgeny Kuznetsov.
7:20 of 1st period - Deflect By Cam Atkinson.
7:20 of 1st period - Stopped by Carey Price with a rebound.
7:48 of 1st period - Minor Penalty to Guillaume Latendresse for Roughing.
7:49 of 1st period - Sidney Crosby wins face-off versus Filip Forsberg in Stars zone.
8:13 of 1st period - Paul Ladue is hit by Filip Forsberg and loses puck.
8:22 of 1st period - Wrist shot by Filip Forsberg.
8:22 of 1st period - Stopped by Matt Murray without a rebound.
8:23 of 1st period - Adam Henrique wins face-off versus Sidney Crosby in Stars zone.
9:48 of 1st period - Penalty to Guillaume Latendresse is over, Guillaume Latendresse is back on ice.
9:53 of 1st period - Marko Dano is hit by Evgeny Kuznetsov.
11:37 of 1st period - Slapshot by Jake Guentzel.
11:37 of 1st period - Goal by Jake Guentzel - Stars : 1 - Blues : 0.
11:38 of 1st period - Sidney Crosby wins face-off versus Nathan MacKinnon in neutral zone.
11:45 of 1st period - Backhand shot by Jake Guentzel.
11:45 of 1st period - Deflect By Sidney Crosby.
11:45 of 1st period - Shot Misses the Net.
11:45 of 1st period - Puck is out of play.
11:46 of 1st period - Nathan MacKinnon wins face-off versus Sidney Crosby in Blues zone.
12:23 of 1st period - Snap shot by Nathan MacKinnon.
12:23 of 1st period - Stopped by Matt Murray with a rebound.
12:25 of 1st period - Snap shot by Filip Forsberg.
12:25 of 1st period - Shot Misses the Net.
12:27 of 1st period - Snap shot by Filip Forsberg.
12:27 of 1st period - Shot Blocked by Sidney Crosby.
12:29 of 1st period - Wrist shot by Brandon Montour.
12:29 of 1st period - Stopped by Matt Murray without a rebound.
12:30 of 1st period - Evgeny Grachev wins face-off versus Devin Shore in Stars zone.
12:41 of 1st period - Wrist shot by Teuvo Teravainen.
12:41 of 1st period - Shot Blocked by Brian Lee.
12:45 of 1st period - Snap shot by Teuvo Teravainen.
12:45 of 1st period - Shot Misses the Net.
13:26 of 1st period - Snap shot by Henrik Borgstrom.
13:26 of 1st period - Stopped by Carey Price with a rebound.
13:40 of 1st period - Travis Sanheim is hit by Jake Guentzel and loses puck.
14:18 of 1st period - Icing by Evgeny Grachev.
14:19 of 1st period - Evgeny Grachev wins face-off versus Devin Shore in Stars zone.
14:24 of 1st period - Slapshot by Michael Grabner.
14:24 of 1st period - Shot Blocked by Cody Ceci.
14:56 of 1st period - Backhand shot by Evgeny Kuznetsov.
14:56 of 1st period - Stopped by Carey Price with a rebound.
15:12 of 1st period - Snap shot by Guillaume Latendresse.
15:12 of 1st period - Shot Misses the Net.
15:20 of 1st period - Snap shot by Guillaume Latendresse.
15:20 of 1st period - Stopped by Carey Price with a rebound.
15:22 of 1st period - Backhand shot by Guillaume Latendresse.
15:22 of 1st period - Shot Misses the Net.
15:34 of 1st period - Snap shot by Jake Guentzel.
15:34 of 1st period - Stopped by Carey Price without a rebound.
15:35 of 1st period - Nathan MacKinnon wins face-off versus Sidney Crosby in Blues zone.
15:48 of 1st period - Snap shot by Nikolaj Ehlers.
15:48 of 1st period - Shot Misses the Net.
16:04 of 1st period - Guillaume Latendresse is hit by Teuvo Teravainen and loses puck.
16:13 of 1st period - Slapshot by Marko Dano.
16:13 of 1st period - Shot Hit the Post.
16:15 of 1st period - Snap shot by Marko Dano.
16:15 of 1st period - Stopped by Matt Murray without a rebound.
16:16 of 1st period - Sidney Crosby wins face-off versus Adam Henrique in Stars zone.
16:25 of 1st period - Snap shot by Michael Grabner.
16:25 of 1st period - Stopped by Carey Price without a rebound.
16:26 of 1st period - Sidney Crosby wins face-off versus Adam Henrique in Blues zone.
16:47 of 1st period - Icing by Michael Grabner.
16:48 of 1st period - Nathan MacKinnon wins face-off versus Sidney Crosby in Stars zone.
17:40 of 1st period - Minor Penalty to Brandon Montour for High sticking.
17:41 of 1st period - Drew Shore wins face-off versus Evgeny Grachev in Blues zone.
17:47 of 1st period - Slapshot by Alex Chiasson.
17:47 of 1st period - Stopped by Carey Price without a rebound.
17:48 of 1st period - Nick Schmaltz wins face-off versus Evgeny Grachev in Blues zone.
17:58 of 1st period - Off-side.
17:59 of 1st period - Sidney Crosby wins face-off versus Drew Shore in neutral zone.
18:02 of 1st period - Wrist shot by Michael Grabner.
18:02 of 1st period - Stopped by Carey Price with a rebound.
18:16 of 1st period - Cody Ceci is hit by Sidney Crosby and loses puck.
18:41 of 1st period - Slapshot by Paul Ladue.
18:41 of 1st period - Stopped by Carey Price without a rebound.
18:42 of 1st period - Devin Shore wins face-off versus Evgeny Grachev in Blues zone.
19:19 of 1st period - Snap shot by Evgeny Grachev.
19:19 of 1st period - Stopped by Carey Price with a rebound.
19:40 of 1st period - Penalty to Brandon Montour is over, Brandon Montour is back on ice.
19:41 of 1st period - Slapshot by David Perron.
19:41 of 1st period - Stopped by Matt Murray without a rebound.
19:42 of 1st period - Filip Forsberg wins face-off versus Sidney Crosby in Stars zone.
19:47 of 1st period - Wrist shot by Nikolaj Ehlers.
19:47 of 1st period - Shot Misses the Net.
19:49 of 1st period - Snap shot by Nikolaj Ehlers.
19:49 of 1st period - Shot Misses the Net.
19:54 of 1st period - Double Minor Penalty to Paul Ladue for Slashing.
19:55 of 1st period - Sidney Crosby wins face-off versus Nathan MacKinnon in Stars zone.
Goals for this period are 1 for Stars vs 0 for Blues.
Shots for this period are 15 for Stars vs 7 for Blues.
2nd period
0:01 of 2nd period - Nathan MacKinnon wins face-off versus Sidney Crosby in neutral zone.
0:04 of 2nd period - Slapshot by Seth Jones.
0:04 of 2nd period - Goal by Seth Jones - Stars : 1 - Blues : 1.
0:05 of 2nd period - Nathan MacKinnon wins face-off versus Sidney Crosby in neutral zone.
0:10 of 2nd period - Wrist shot by Teuvo Teravainen.
0:10 of 2nd period - Shot Misses the Net.
0:12 of 2nd period - Snap shot by Filip Forsberg.
0:12 of 2nd period - Shot Misses the Net.
0:14 of 2nd period - Wrist shot by Seth Jones.
0:14 of 2nd period - Shot Blocked by Jake Guentzel.
0:16 of 2nd period - Slapshot by Seth Jones.
0:16 of 2nd period - Stopped by Matt Murray without a rebound.
0:17 of 2nd period - Nathan MacKinnon wins face-off versus Sidney Crosby in Stars zone.
0:22 of 2nd period - Slapshot by Seth Jones.
0:22 of 2nd period - Stopped by Matt Murray with a rebound.
0:24 of 2nd period - Snap shot by Seth Jones.
0:24 of 2nd period - Shot Blocked by Brian Lee.
0:26 of 2nd period - Wrist shot by Filip Forsberg.
0:26 of 2nd period - Shot Misses the Net.
0:28 of 2nd period - Slapshot by Seth Jones.
0:28 of 2nd period - Stopped by Matt Murray with a rebound.
2:04 of 2nd period - Penalty to Paul Ladue is over, Paul Ladue is back on ice.
2:17 of 2nd period - Wrist shot by Drew Shore.
2:17 of 2nd period - Stopped by Matt Murray without a rebound.
2:18 of 2nd period - Evgeny Kuznetsov wins face-off versus Drew Shore in Stars zone.
2:45 of 2nd period - Adam Henrique is hit by Paul Ladue and loses puck.
3:36 of 2nd period - Nikolaj Ehlers is hit by Michael Grabner and loses puck.
3:56 of 2nd period - Seth Jones is hit by Evgeny Kuznetsov and loses puck.
4:05 of 2nd period - Tobias Rieder is hit by Dominik Simon and loses puck.
5:24 of 2nd period - Snap shot by Jordan Kyrou.
5:24 of 2nd period - Stopped by Matt Murray without a rebound.
5:25 of 2nd period - Nathan MacKinnon wins face-off versus Evgeny Grachev in Stars zone.
5:38 of 2nd period - Guillaume Latendresse is hit by Nathan MacKinnon and loses puck.
5:53 of 2nd period - Slapshot by Jake Guentzel.
5:53 of 2nd period - Stopped by Carey Price without a rebound.
5:54 of 2nd period - Devin Shore wins face-off versus Sidney Crosby in Blues zone.
5:59 of 2nd period - Slapshot by Seth Jones.
5:59 of 2nd period - Deflect By Marko Dano.
5:59 of 2nd period - Stopped by Matt Murray without a rebound.
6:00 of 2nd period - Jake Guentzel wins face-off versus Nathan MacKinnon in Stars zone.
6:09 of 2nd period - Snap shot by Nathan MacKinnon.
6:09 of 2nd period - Stopped by Matt Murray with a rebound.
6:13 of 2nd period - Slapshot by Nathan MacKinnon.
6:13 of 2nd period - Shot Blocked by Anton Cederholm.
6:36 of 2nd period - Snap shot by Guillaume Latendresse.
6:36 of 2nd period - Stopped by Carey Price with a rebound.
6:38 of 2nd period - Wrist shot by Anton Cederholm.
6:38 of 2nd period - Stopped by Carey Price with a rebound.
6:48 of 2nd period - Snap shot by Cody Ceci.
6:48 of 2nd period - Shot Misses the Net.
6:58 of 2nd period - Cam Atkinson is hit by Nick Schmaltz and loses puck.
7:15 of 2nd period - Seth Jones is hit by Tyler Wotherspoon and loses puck.
7:50 of 2nd period - Minor Penalty to Drew Shore for Tripping.
7:51 of 2nd period - Filip Forsberg wins face-off versus Sidney Crosby in Blues zone.
8:28 of 2nd period - Alex Chiasson is hit by Nick Schmaltz and loses puck.
8:51 of 2nd period - Tyler Wotherspoon is hit by Seth Jones and loses puck.
9:41 of 2nd period - Icing by Brian Lee.
9:42 of 2nd period - Adam Henrique wins face-off versus Sidney Crosby in Stars zone.
9:50 of 2nd period - Penalty to Drew Shore is over, Drew Shore is back on ice.
11:10 of 2nd period - Backhand shot by Sidney Crosby.
11:10 of 2nd period - Stopped by Carey Price with a rebound.
11:46 of 2nd period - Snap shot by Scott Kosmachuck.
11:46 of 2nd period - Shot Blocked by Cody Ceci.
11:59 of 2nd period - Icing by Seth Jones.
12:00 of 2nd period - Drew Shore wins face-off versus Adam Tambellini in Blues zone.
12:00 of 2nd period - Drew Shore is hit by Brian Lee.
12:06 of 2nd period - Snap shot by Cody Ceci.
12:06 of 2nd period - Stopped by Matt Murray without a rebound.
12:07 of 2nd period - Sidney Crosby wins face-off versus Drew Shore in Stars zone.
12:53 of 2nd period - Wrist shot by Dominik Simon.
12:53 of 2nd period - Shot Blocked by Anton Cederholm.
12:55 of 2nd period - Wrist shot by Seth Jones.
12:55 of 2nd period - Stopped by Matt Murray without a rebound.
12:56 of 2nd period - Nathan MacKinnon wins face-off versus Evgeny Grachev in Stars zone.
13:07 of 2nd period - Wrist shot by Filip Forsberg.
13:07 of 2nd period - Shot Misses the Net.
13:09 of 2nd period - Snap shot by Nathan MacKinnon.
13:09 of 2nd period - Shot Misses the Net.
13:11 of 2nd period - Wrist shot by Filip Forsberg.
13:11 of 2nd period - Shot Misses the Net.
13:23 of 2nd period - Michael Grabner is hit by Brandon Montour and loses puck.
13:47 of 2nd period - Minor Penalty to Brian Lee for Holding.
13:48 of 2nd period - Sidney Crosby wins face-off versus Nathan MacKinnon in Stars zone.
14:14 of 2nd period - Snap shot by Marko Dano.
14:14 of 2nd period - Stopped by Matt Murray without a rebound.
14:15 of 2nd period - Sidney Crosby wins face-off versus Adam Henrique in Stars zone.
14:30 of 2nd period - Josh Morrissey is hit by Jake Guentzel and loses puck.
14:49 of 2nd period - Wrist shot by Nathan MacKinnon.
14:49 of 2nd period - Stopped by Matt Murray without a rebound.
14:50 of 2nd period - Nathan MacKinnon wins face-off versus Sidney Crosby in Stars zone.
15:17 of 2nd period - Paul Ladue is hit by Adam Henrique and loses puck.
15:24 of 2nd period - Slapshot by Nikolaj Ehlers.
15:24 of 2nd period - Stopped by Matt Murray with a rebound.
15:47 of 2nd period - Penalty to Brian Lee is over, Brian Lee is back on ice.
15:50 of 2nd period - Snap shot by Evgeny Grachev.
15:50 of 2nd period - Stopped by Carey Price without a rebound.
15:51 of 2nd period - Nick Schmaltz wins face-off versus Evgeny Kuznetsov in Blues zone.
15:51 of 2nd period - Nick Schmaltz is hit by Anton Cederholm.
16:07 of 2nd period - Slapshot by Tobias Rieder.
16:07 of 2nd period - Stopped by Carey Price without a rebound.
16:08 of 2nd period - Nathan MacKinnon wins face-off versus Sidney Crosby in Blues zone.
16:35 of 2nd period - Minor Penalty to Seth Jones for Hooking.
16:36 of 2nd period - Sidney Crosby wins face-off versus Drew Shore in Blues zone.
16:37 of 2nd period - Backhand shot by Jake Guentzel.
16:37 of 2nd period - Shot Misses the Net.
16:39 of 2nd period - Wrist shot by Michael Grabner.
16:39 of 2nd period - Stopped by Carey Price with a rebound.
17:03 of 2nd period - Paul Ladue is hit by Devin Shore and loses puck.
17:13 of 2nd period - Icing by Guillaume Latendresse.
17:14 of 2nd period - Evgeny Grachev wins face-off versus Drew Shore in Stars zone.
17:23 of 2nd period - Slapshot by Evgeny Grachev.
17:23 of 2nd period - Shot Misses the Net.
17:25 of 2nd period - Snap shot by Evgeny Grachev.
17:25 of 2nd period - Stopped by Carey Price without a rebound.
17:26 of 2nd period - Drew Shore wins face-off versus Sidney Crosby in Blues zone.
17:41 of 2nd period - Slapshot by Jake Guentzel.
17:41 of 2nd period - Stopped by Carey Price with a rebound.
18:20 of 2nd period - Slapshot by Cody Ceci.
18:20 of 2nd period - Stopped by Matt Murray without a rebound.
18:21 of 2nd period - Sidney Crosby wins face-off versus Devin Shore in Stars zone.
18:26 of 2nd period - Wrist shot by Paul Ladue.
18:26 of 2nd period - Deflect By Travis Sanheim.
18:26 of 2nd period - Goal by Paul Ladue - Stars : 2 - Blues : 1.
18:27 of 2nd period - Sidney Crosby wins face-off versus Nathan MacKinnon in neutral zone.
18:41 of 2nd period - Minor Penalty to Cody Ceci for Tripping.
18:42 of 2nd period - Drew Shore wins face-off versus Sidney Crosby in Blues zone.
19:02 of 2nd period - Brandon Montour is hit by Michael Grabner and loses puck.
Goals for this period are 1 for Stars vs 1 for Blues.
Shots for this period are 10 for Stars vs 14 for Blues.
3rd period
0:01 of 3rd period - Sidney Crosby wins face-off versus Drew Shore in neutral zone.
0:34 of 3rd period - Wrist shot by Alex Chiasson.
0:34 of 3rd period - Goal by Alex Chiasson - Stars : 3 - Blues : 1.
0:35 of 3rd period - Nathan MacKinnon wins face-off versus Sidney Crosby in neutral zone.
1:08 of 3rd period - Wrist shot by Evgeny Grachev.
1:08 of 3rd period - Shot Misses the Net.
1:34 of 3rd period - Snap shot by Tobias Rieder.
1:34 of 3rd period - Shot Blocked by Josh Morrissey.
1:36 of 3rd period - Wrist shot by Evgeny Kuznetsov.
1:36 of 3rd period - Stopped by Carey Price with a rebound.
3:27 of 3rd period - Minor Penalty to Seth Jones for Elbowing.
3:28 of 3rd period - Sidney Crosby wins face-off versus Drew Shore in Blues zone.
4:47 of 3rd period - Josh Morrissey is hit by Michael Grabner and loses puck.
5:27 of 3rd period - Penalty to Seth Jones is over, Seth Jones is back on ice.
5:51 of 3rd period - Reece Willcox is hit by Marko Dano and loses puck.
6:36 of 3rd period - Anton Cederholm is hit by Drew Shore and loses puck.
7:00 of 3rd period - David Perron is hit by Scott Kosmachuck and loses puck.
7:24 of 3rd period - Tyler Wotherspoon is hit by Nathan MacKinnon and loses puck.
7:31 of 3rd period - Tyler Wotherspoon is hit by Nathan MacKinnon and loses puck.
8:25 of 3rd period - Travis Sanheim is hit by Scott Kosmachuck and loses puck.
9:00 of 3rd period - Snap shot by Jake Guentzel.
9:00 of 3rd period - Shot Misses the Net.
9:06 of 3rd period - Snap shot by Sidney Crosby.
9:06 of 3rd period - Stopped by Carey Price with a rebound.
10:05 of 3rd period - Reece Willcox is hit by Teuvo Teravainen and loses puck.
10:26 of 3rd period - Wrist shot by Henrik Borgstrom.
10:26 of 3rd period - Stopped by Carey Price without a rebound.
10:27 of 3rd period - Drew Shore wins face-off versus Sidney Crosby in Blues zone.
10:27 of 3rd period - Drew Shore is hit by Jake Guentzel.
11:18 of 3rd period - Snap shot by Evgeny Kuznetsov.
11:18 of 3rd period - Goal by Evgeny Kuznetsov - Stars : 4 - Blues : 1.
11:19 of 3rd period - Sidney Crosby wins face-off versus Filip Forsberg in neutral zone.
11:46 of 3rd period - Guillaume Latendresse is hit by Devin Shore.
11:50 of 3rd period - Wrist shot by Marko Dano.
11:50 of 3rd period - Stopped by Matt Murray without a rebound.
11:51 of 3rd period - Evgeny Grachev wins face-off versus Devin Shore in Stars zone.
11:51 of 3rd period - Evgeny Grachev is hit by Devin Shore.
11:56 of 3rd period - Minor Penalty to Marko Dano for Slashing.
11:57 of 3rd period - Sidney Crosby wins face-off versus Drew Shore in Blues zone.
12:05 of 3rd period - Snap shot by Jake Guentzel.
12:05 of 3rd period - Shot Misses the Net.
12:11 of 3rd period - Tyler Wotherspoon is hit by Cody Ceci and loses puck.
12:47 of 3rd period - Snap shot by Brandon Montour.
12:47 of 3rd period - Shot Misses the Net.
12:53 of 3rd period - Sidney Crosby is hit by Drew Shore and loses puck.
13:56 of 3rd period - Penalty to Marko Dano is over, Marko Dano is back on ice.
14:09 of 3rd period - Minor Penalty to Anton Cederholm for Delaying the game.
14:10 of 3rd period - Sidney Crosby wins face-off versus Teuvo Teravainen in Stars zone.
14:32 of 3rd period - Paul Ladue is hit by Nikolaj Ehlers and loses puck.
14:52 of 3rd period - Minor Penalty to Guillaume Latendresse for Delaying the game.
14:53 of 3rd period - Nathan MacKinnon wins face-off versus Sidney Crosby in Stars zone.
15:05 of 3rd period - Snap shot by Teuvo Teravainen.
15:05 of 3rd period - Deflect By Nathan MacKinnon.
15:05 of 3rd period - Shot Misses the Net.
15:05 of 3rd period - Puck is out of play.
15:06 of 3rd period - Sidney Crosby wins face-off versus Nathan MacKinnon in Stars zone.
15:15 of 3rd period - Slapshot by Seth Jones.
15:15 of 3rd period - Shot Blocked by Sidney Crosby.
15:33 of 3rd period - Paul Ladue is hit by Marko Dano and loses puck.
16:09 of 3rd period - Penalty to Anton Cederholm is over, Anton Cederholm is back on ice.
16:52 of 3rd period - Penalty to Guillaume Latendresse is over, Guillaume Latendresse is back on ice.
17:25 of 3rd period - Minor Penalty to Evgeny Kuznetsov for Hooking.
17:26 of 3rd period - Sidney Crosby wins face-off versus Adam Henrique in Stars zone.
17:30 of 3rd period - Slapshot by Adam Henrique.
17:30 of 3rd period - Stopped by Matt Murray with a rebound.
19:25 of 3rd period - Penalty to Evgeny Kuznetsov is over, Evgeny Kuznetsov is back on ice.
19:31 of 3rd period - Wrist shot by Tobias Rieder.
19:31 of 3rd period - Stopped by Carey Price with a rebound.
19:37 of 3rd period - Evgeny Kuznetsov is hit by Jordan Kyrou and loses puck.
19:42 of 3rd period - Wrist shot by Jordan Kyrou.
19:42 of 3rd period - Shot Misses the Net.
19:44 of 3rd period - Wrist shot by Jordan Kyrou.
19:44 of 3rd period - Stopped by Matt Murray without a rebound.
19:45 of 3rd period - Evgeny Grachev wins face-off versus Drew Shore in Stars zone.
19:45 of 3rd period - Evgeny Grachev is hit by Brandon Montour.
19:56 of 3rd period - Wrist shot by Evgeny Grachev.
19:56 of 3rd period - Shot Misses the Net.
19:58 of 3rd period - Wrist shot by Alex Chiasson.
19:58 of 3rd period - Shot Misses the Net.
Goals for this period are 2 for Stars vs 0 for Blues.
Shots for this period are 6 for Stars vs 3 for Blues.